 Dungeon Crawl Stone Soup version 0.30-a0-553-g7fabdf1491 (webtiles) character file.

Game seed: 4026978356210833087

3798 bmack86 the Cleaver (level 9, 0/82 HPs)
             Began as a Minotaur Fighter on Dec 27, 2022.
             Was a Follower of Okawaru.
             Slain by a yak (3 damage)
             ... on level 8 of the Dungeon.
             The game lasted 00:23:22 (6368 turns).

bmack86 the Cleaver (Minotaur Fighter)              Turns: 6368, Time: 00:23:23

Health: 0/82       AC: 17    Str: 24    XL:     9   Next: 96%
Magic:  8/8        EV:  8    Int:  5    God:    Okawaru [*.....]
Gold:   312        SH:  6    Dex: 11    Spells: 8/8 levels left

rFire   . . .      SeeInvis .    a - +0 war axe
rCold   . . .      Faith    .    c - +0 buckler
rNeg    . . .      Spirit   .    C - +0 chain mail
rPois   .          Reflect  .    (helmet restricted)
rElec   .          Harm     .    q - +0 cloak {Will+}
rCorr   .          Rampage  .    y - +0 pair of gloves
Will    +....                    F - +2 pair of boots Stlth
                                 (no amulet)
HPRegen 0.33/turn                (no ring)
MPRegen 0.11/turn                (no ring)

@: mighty
A: horns 2, retaliatory headbutt
a: Renounce Religion, Heroism


You were on level 8 of the Dungeon.
You worshipped Okawaru.
Okawaru was aware of your devotion.
You visited 2 branches of the dungeon, and saw 9 of its levels.
You also visited: Ossuary.

You collected 312 gold pieces.

Inventory:

Hand Weapons
 a - a +0 war axe (weapon)
Missiles
 x - 11 boomerangs (quivered)
 D - 4 javelins
Armour
 c - a +0 buckler (worn)
 q - a +0 cloak of willpower (worn)
 y - a +0 pair of gloves (worn)
 C - a +0 chain mail (worn)
 F - a +2 pair of boots (worn)
Jewellery
 A - an amulet of faith
Wands
 p - a wand of flame (25)
 B - a wand of roots (8)
Scrolls
 b - 2 scrolls of identify
 f - 4 scrolls of enchant weapon
 g - a scroll of fear
 h - 7 scrolls of teleportation
 k - 3 scrolls of poison
 l - a scroll of vulnerability {unknown}
 n - 7 scrolls of torment
 o - 2 scrolls of amnesia
 s - a scroll of noise
 v - a scroll of fog
Potions
 e - 2 potions of degeneration
 i - 4 potions of curing
 m - a potion of haste
 r - 2 potions of flight
 t - 2 potions of invisibility
 u - a potion of berserk rage
 w - a potion of cancellation
 E - 2 potions of heal wounds {unknown}


   Skills:
 + Level 8.5 Fighting
 * Level 11.0 Axes
 + Level 8.5 Armour
 + Level 8.5 Shields


You had 8 spell levels left.
You didn't know any spells.
Your spell library contained the following spells:

 Spells                   Type           Power      Damage    Failure   Level
 Sting                    Tmut/Pois      0%         1d3       98%         1
 Poisonous Vapours        Pois/Air       0%         N/A       99%         2
 Static Discharge         Conj/Air       0%         2-2/arc   99%         2
 Inner Flame              Hex/Fire       0%         N/A       100%        3
 Ozocubu's Armour         Ice            0%         N/A       100%        3
 Vhi's Electric Charge    Tloc/Air       0%         N/A       100%        3
 Cause Fear               Hex            0%         N/A       100%        4
 Olgreb's Toxic Radiance  Pois           0%         N/A       100%        4
 Arcjolt                  Conj/Air       0%         1d10      100%        5
 Fireball                 Conj/Fire      0%         3d3       100%        5
 Iskenderun's Battlesphe  Conj           0%         2d6       100%        5
 Lightning Bolt           Conj/Air       0%         1d11      100%        5
 Conjure Ball Lightning   Conj/Air       0%         3x3d6     100%        6
 Orb of Destruction       Conj           0%         9d5       100%        7
 Ozocubu's Refrigeration  Ice            0%         4d7       100%        7
 Discord                  Hex            0%         N/A       100%        8


Dungeon Overview and Level Annotations

Branches:
Dungeon (8/15)             Temple (1/1) D:7         Ossuary (visited)
   Lair: D:8-11

Altars:
Ashenzari
Cheibriados
Dithmenos
Elyvilon
Fedhas
Gozag
Hepliaklqana
Kikubaaqudgha
Makhleb
Nemelex Xobeh
Okawaru
Qazlal
Ru
Sif Muna
Trog
Vehumet
Xom
Yredelemnul

Annotations:
D:3 2 transporters, Taurus's ghost, amateur MiFi
D:4 1 runed translucent door, bmack86's ghost, amateur MiFi
D:6 2 runed translucent doors, bmack86's ghost, novice MiFi


Innate Abilities, Weirdness & Mutations

You have a pair of horns on your head.
You reflexively headbutt those who attack you in melee.


Message History

You hit the yak but do no damage. You headbutt the yak!
You kill the yak!
Okawaru accepts your kill.
You completely miss the yak. You slash the yak! x2
You block the yak's attack. The yak barely misses you.
You completely miss the yak.
The yak is almost dead.
You hit the yak but do no damage. You hit the yak. x2; The yak gores you.
The yak gores you but does no damage. You block the yak's attack.
The yak gores you but does no damage.
You slash the yak!
You kill the yak!
Okawaru accepts your kill.
You can now gain great but temporary skills.
You hit the yak but do no damage. You barely miss the yak. You slash the yak!
You block the yak's attack. x2; The yak gores you.
The yak gores you!
* * * LOW HITPOINT WARNING * * *
The yak gores you but does no damage. The yak gores you.
* * * LOW HITPOINT WARNING * * *
The yak attacks as you move away!
The yak gores you but does no damage. x2
The yak barely misses you. You furiously retaliate!
You headbutt the yak. You completely miss the yak.
The yak is almost dead.
You hit the yak but do no damage. You hit the yak.
The yak barely misses you. x2
You furiously retaliate!
You headbutt the yak. The yak gores you but does no damage.
You slash the yak!
You kill the yak!
Okawaru accepts your kill.
You barely miss the yak. You hit the yak. The yak gores you.
* * * LOW HITPOINT WARNING * * *
You block the yak's attack.
Your Axes skill increases to level 11!
You feel very mighty all of a sudden. The yak barely misses you.
The yak closely misses you. The yak gores you!
* * * LOW HITPOINT WARNING * * *
The yak gores you.
You die...

#...#...≈§≈§§≈≈≈§....,,,,,,,,>,,,
#..###...§§...§....##,,.,,,,,,,,,
#..###..#§.§####...#*,..**,,,,,,,
............#......##.,,**,,,,,,,
............#........,,.,*,,,,,,,
............##.....#*,..**,,,,**,
######..##..##.....##...*********
....##..###'##..........,*
........(#.....Y@Y......,*
.........#.......†.?....,*
..####.###.###..##.###..** ..#
###*#+**#..#*##***#* ..#
*,,,#.....,,,* ..# *,,,#......,,*
.<# *,,,#........* ..#
*,,,#........* ..#
****#######.#***


You could see 2 yaks.

Vanquished Creatures
  A hornet (D:8)
  Sigmund (D:5)
  A wraith (Ossuary)
  A wyvern (D:8)
  4 yaks (D:8)
  Eustachio (D:4)
  A water moccasin (D:7)
  2 ice beasts
  2 sky beasts
  A black bear (D:7)
  An ogre (D:7)
  2 centaurs
  A gnoll sergeant (D:7)
  2 necrophages
  6 scorpions
  3 water moccasin zombies (Ossuary)
  2 howler monkeys
  2 bullfrog zombies (Ossuary)
  A centaur zombie (Ossuary)
  2 hounds
  An orc priest (D:6)
  A gnoll bouda (D:8)
  2 jellies
  3 iguanas
  A scorpion zombie (Ossuary)
  5 orc wizards
  3 ogre zombies (Ossuary)
  8 gnolls
  7 adders
  A white imp (D:7)
  2 ufetubi
  5 adder zombies (Ossuary)
  4 worms
  2 dart slugs
  24 orcs
  8 endoplasms
  3 giant cockroaches
  5 goblins
  6 hobgoblins
  2 jackals (D:2)
  6 kobolds
  3 quokkas
  3 ball pythons
  6 bats
  4 frilled lizards
  4 gnoll zombies (Ossuary)
  A goblin zombie (Ossuary)
  3 hobgoblin zombies (Ossuary)
  7 orc zombies (Ossuary)
  5 rats
172 creatures vanquished.

Vanquished Creatures (others)
  5 plants
  5 withered plants (D:5)
10 creatures vanquished.

Grand Total: 182 creatures vanquished

Notes
Turn   | Place    | Note
-------+----------+-------------------------------------------
     0 | D:1      | bmack86 the Minotaur Fighter began the quest for the Orb.
     0 | D:1      | Reached XP level 1. HP: 19/19 MP: 0/0
    82 | D:1      | Reached XP level 2. HP: 27/27 MP: 1/1
   346 | D:1      | Reached skill level 3 in Axes
   387 | D:1      | Found a faded altar of an unknown god.
   834 | D:2      | Reached XP level 3. HP: 24/33 MP: 2/2
  1345 | D:2      | Reached XP level 4. HP: 31/40 MP: 3/3
  1775 | D:3      | Found a transporter.
  1777 | D:3      | Found a transporter.
  1909 | D:3      | Found a burning altar of Makhleb.
  1943 | D:3      | Reached skill level 4 in Axes
  2042 | D:3      | Found a snail-covered altar of Cheibriados.
  2093 | D:3      | Noticed Taurus's ghost (amateur MiFi)
  2094 | D:3      | Noticed an ogre
  2097 | D:3      | Identified the +11 dire flail of Patterns {flame, rC+++
                  | Str+2 Int-3 Stlth+}
  2097 | D:3      | Noticed an ogre
  2346 | D:4      | Found a runed translucent door.
  2347 | D:4      | Noticed bmack86's ghost (amateur MiFi)
  2367 | D:4      | Found a sand-covered staircase.
  2381 | Ossuary  | Entered an ossuary
  2426 | Ossuary  | Reached XP level 5. HP: 36/47 MP: 4/4
  2569 | Ossuary  | Reached skill level 5 in Axes
  2569 | Ossuary  | Reached XP level 6. HP: 50/55 MP: 5/5
  2585 | Ossuary  | Reached skill level 5 in Armour
  2586 | Ossuary  | Reached skill level 5 in Fighting
  2622 | Ossuary  | Reached skill level 5 in Shields
  2719 | Ossuary  | Noticed a wraith
  2723 | Ossuary  | Killed a wraith
  2724 | Ossuary  | Reached skill level 6 in Axes
  2724 | Ossuary  | Reached XP level 7. HP: 56/61 MP: 6/6
  2724 | Ossuary  | Noticed a silent spectre
  2909 | D:4      | Noticed Eustachio
  2931 | D:4      | Killed Eustachio
  3196 | D:4      | Reached skill level 7 in Axes
  3580 | D:4      | Found a hazy altar of Hepliaklqana.
  3694 | D:5      | Entered Level 5 of the Dungeon
  3737 | D:5      | Reached XP level 8. HP: 70/70 MP: 7/7
  3761 | D:5      | Noticed Sigmund
  3784 | D:5      | Killed Sigmund
  3863 | D:5      | Reached skill level 8 in Axes
  4163 | D:5      | Found a blossoming altar of Fedhas.
  4163 | D:5      | Found an ancient bone altar of Kikubaaqudgha.
  4366 | D:6      | Found a large runed translucent door.
  4366 | D:6      | Found a large runed translucent door.
  4369 | D:6      | Noticed bmack86's ghost (novice MiFi)
  4741 | D:6      | Found a sacrificial altar of Ru.
  4921 | D:6      | Reached skill level 9 in Axes
  5162 | D:7      | Reached XP level 9. HP: 79/79 MP: 8/8
  5366 | D:7      | Found a staircase to the Ecumenical Temple.
  5378 | Temple   | Entered the Ecumenical Temple
  5592 | D:7      | Found a stormy altar of Qazlal.
  5968 | D:8      | Reached skill level 10 in Axes
  6034 | D:8      | Found an iron altar of Okawaru.
  6049 | D:8      | Became a worshipper of Warmaster Okawaru
  6362 | D:8      | Reached * piety under Okawaru
  6367 | D:8      | Reached skill level 11 in Axes
  6368 | D:8      | HP: 3/82 [yak (8)]
  6368 | D:8      | Slain by a yak

Illustrated notes

Levels and vault maps discovered:
D:1:      lightli_arrival_windingriver, layout_loops_ring,
          ebering_ecumenical_altar_hall, minmay_ruptured
D:2:      minmay_general_purpose_star, layout_basic
D:3:      layout_rooms, mainiacjoe_overflow_tiny_flanked, chei_slow_surprise,
          gammafunk_ghost_smash
D:4:      layout_loops_corners, nicolae_hepliaklqana_hazy_memory,
          ebering_ghost_reflecting_pool, chequers_ossuary_entry_cave,
          uniq_eustachio
D:5:      layout_rooms, grunt_temple_overflow_growth_and_decay, uniq_sigmund
D:6:      layout_rooms, nicolae_ru_great_annihilating_truth,
          ebering_ghost_disaster_area, nicolae_elevator_lobby_asterisk
D:7:      layout_gridville, kennysheep_little_box,
          minmay_temple_entry_gardened_gates
D:8:      layout_gridville, zin_angel, mainiacjoe_overflow_concentric_impassable
Temple:   nicolae_temple_two_arcs

Skill      XL: |  1  2  3  4  5  6  7  8  9 |
---------------+----------------------------+-----
Axes           | 3 4 5 6 7 9 11 | 11.0
Shields        | 4 5 6 7 8 |  8.5
Armour         | 4 5 6 7 8 |  8.5
Fighting       | 4 5 6 7 8 |  8.5

Action                   |  1- 3 |  4- 6 |  7- 9 || total
-------------------------+-------+-------+-------++-------
Melee: War axe           |    82 |   106 |   243 ||   431
       Headbutt          |     6 |    21 |    48 ||    75
Throw: Boomerang         |       |       |    12 ||    12
  Use: Scroll            |     2 |     6 |     9 ||    17
       Potion            |       |     1 |     1 ||     2
 Stab: Paralysed         |       |       |     1 ||     1
Armor: Scale mail        |    66 |    58 |    55 ||   179
       Chain mail        |       |       |    86 ||    86
       Skin              |       |       |     5 ||     5
Dodge: Dodged            |    66 |    59 |   106 ||   231
Block: Buckler           |    22 |    25 |    87 ||   134

Table legend: (Time is in decaauts)
 A = Elapsed time spent in this place.
 B = Non-inter-level travel time spent in this place.
 C = Inter-level travel time spent in this place.
 D = Time resting spent in this place.
 E = Time spent auto-exploring this place.
 F = Levels seen in this place.
 G = Mean time per level.
                   A        B        C        D        E       F      G
               +--------+--------+--------+--------+--------+-----+--------+
         Total |   6465 |   6180 |    285 |    423 |   3465 |  10 |  646.5 |
       Dungeon |   5954 |   5669 |    285 |    271 |   3462 |   8 |  744.2 |
        Temple |     96 |     96 |      0 |      0 |      3 |   1 |   96.0 |
       Ossuary |    414 |    414 |      0 |    152 |      0 |   1 |  414.0 |
               +--------+--------+--------+--------+--------+-----+--------+

Top non-repeatable levels by time:
     D:4: 1005 daAuts
     D:2: 951 daAuts
     D:6: 847 daAuts
     D:1: 841 daAuts
     D:7: 752 daAuts
     D:5: 583 daAuts
     D:3: 559 daAuts
 Ossuary: 414 daAuts
     D:8: 412 daAuts
  Temple: 96 daAuts
